 Dungeon Crawl Stone Soup version 0.28.0 (webtiles) character file.

Game seed: 3743718113121068001

43 hikkokomori the Shield-Bearer (level 3, -2/30 HPs)
             Began as a Formicid Fighter on Feb 8, 2022.
             Was a Believer of Cheibriados.
             Slain by a gnoll (9 damage)
             ... on level 2 of the Dungeon.
             The game lasted 00:03:16 (1404 turns).

hikkokomori the Shield-Bearer (Formicid Fighter)    Turns: 1404, Time: 00:03:16

Health: -2/30      AC:  6    Str: 24    XL:     3   Next: 82%
Magic:  3/3        EV:  9    Int: 13    God:    Cheibriados [**....]
Gold:   68         SH:  5    Dex: 14    Spells: 2/2 levels left

rFire   . . .      SeeInvis +   a - +0 war axe
rCold   . . .      Faith    .   c - +0 buckler
rNeg    . . .      Spirit   .   b - +0 scale mail
rPois   .          Reflect  .   (helmet unavailable)
rElec   .          Harm     .   (no cloak)
rCorr   .          Rampage  .   (no gloves)
Will    .....                   (no boots)
Stlth   ..........              (no amulet)
HPRegen 0.10/turn               (no ring)
MPRegen 0.08/turn               (no ring)

@: mighty, very slow
A: permanent stasis, dig shafts and tunnels, antennae 3, four strong arms
a: Dig, Shaft Self, Renounce Religion, Bend Time


You were on level 2 of the Dungeon.
You worshipped Cheibriados.
Cheibriados was pleased with you.
You visited 1 branch of the dungeon, and saw 2 of its levels.

You collected 68 gold pieces.

Inventory:

Hand Weapons
 a - a +0 war axe (weapon)
Missiles
 m - 3 curare-tipped darts
Armour
 b - a +0 scale mail (worn)
 c - a +0 buckler (worn)
Scrolls
 e - 3 scrolls of identify {unknown}
 f - a scroll of enchant weapon {unknown}
 k - a scroll of brand weapon {unknown}
 l - a scroll of amnesia {unknown}
 n - a scroll of magic mapping {unknown}
Potions
 g - a potion of heal wounds {unknown}
 h - a potion of haste {unknown}
 i - a potion of resistance {unknown}
 j - a potion of curing {unknown}


   Skills:
 + Level 3.9 Fighting
 + Level 2.7 Axes
 - Level 3.2 Armour
 + Level 4.3 Shields


You had 2 spell levels left.
You didn't know any spells.
Your spell library was empty.

Dungeon Overview and Level Annotations

Branches:
Dungeon (2/15)

Altars:
Cheibriados

Shops:
D:1 *


Innate Abilities, Weirdness & Mutations

You cannot be hasted, slowed, berserked, paralysed or teleported.
You can dig through walls and to a lower floor.
You have a pair of large antennae on your head. (SInv)
Your four strong arms can wield two-handed weapons with a shield.


Message History

You hear a shout!
You hear a bark!
A rat comes into view.
A gnoll comes into view. It is wielding a +0 halberd.
Found a dagger.
The gnoll shouts!
A jackal comes into view. x2
The ball python bites you. The ball python grabs you.
The ball python constricts you.
A giant cockroach comes into view.
You escape the ball python's grasp.
The ball python barely misses you. The ball python closely misses you.
The ball python bites you but does no damage.
You block the ball python's attack.
You barely miss the ball python. The ball python closely misses you.
You block the ball python's attack.
You slash the ball python!
You kill the ball python!
Cheibriados thoroughly appreciates the change of pace.
You closely miss the quokka. The quokka bites you.
The quokka closely misses you.
You hit the quokka.
The quokka is almost dead.
The quokka bites you. You block the quokka's attack.
You miss the quokka.
The quokka is almost dead.
The gnoll closely misses you. The quokka barely misses you.
The gnoll barely misses you.
The quokka bites you but does no damage.
You slash the quokka!
You kill the quokka!
Cheibriados thoroughly appreciates the change of pace.
The gnoll hits you from afar with a +0 halberd!
You block the gnoll's attack.
You fail to use your ability.
The gnoll hits you from afar with a +0 halberd!
* * * LOW HITPOINT WARNING * * *
The gnoll closely misses you.
You feel very mighty all of a sudden.
The gnoll hits you from afar with a +0 halberd!
You die...

...≈....... ..###...#.#
≈.rh...... ##....#
{.≈≈.r....# ###..#
.......g.# #..#
....)..{.#### ####..# {
#{{...# #..†..# #####{##.#
#.##.## #######.###g#
#.##.# #........@g.#
#.##.# #.#####.###>#
#.##.# #.).........#
###.##.#
#.#####.######.###......##
#.# #.######............
#.# #............#.#####
#.# ##############.##
#.##### #######...#
#.....# #........>#


You could see 2 gnolls.

Vanquished Creatures
  2 dart slugs (D:1)
  2 bats (D:1)
  4 endoplasms (D:1)
  3 giant cockroaches (D:1)
  3 hobgoblins
  4 jackals (D:1)
  5 quokkas
  A ball python (D:2)
  2 frilled lizards (D:1)
  3 goblins (D:1)
  A kobold (D:2)
  4 rats (D:1)
34 creatures vanquished.

Notes
Turn   | Place    | Note
-------+----------+-------------------------------------------
     0 | D:1      | hikkokomori the Formicid Fighter began the quest for the
                  | Orb.
     0 | D:1      | Reached XP level 1. HP: 18/18 MP: 1/1
   114 | D:1      | Found a faded altar of an unknown god.
   122 | D:1      | Reached XP level 2. HP: 19/24 MP: 2/2
   125 | D:1      | Prayed at the altar of an unknown god.
   125 | D:1      | Became a worshipper of Cheibriados the Contemplative
   125 | D:1      | Reached * piety under Cheibriados
   438 | D:1      | Reached skill level 4 in Shields
   708 | D:1      | Reached XP level 3. HP: 30/30 MP: 3/3
   979 | D:1      | Reached ** piety under Cheibriados
  1063 | D:1      | Found Gigh's General Store.
  1404 | D:2      | Slain by a gnoll

Illustrated notes

Levels and vault maps discovered:
D:1:      minmay_arrival_split_and_join, layout_loops_corners,
          ebering_ecumenical_altar_ruins, serial_shops, shop_fountains,
          minivault_19
D:2:      cheibrodos_helix_gallery, layout_loops_ring

Skill      XL: |  1  2 |
---------------+-------+-----
Shields        | 4 |  4.3
Fighting       | |  3.9
Axes           | |  2.7
Armour         | |  3.2

Action                   || total
-------------------------++-------
Melee: War axe           ||    98
  Use: Potion            ||     1
Armor: Scale mail        ||    38
Dodge: Dodged            ||    63
Block: Buckler           ||    27
